Cogmind - Beta 13 @@@ ROGUE MODE // 2024.04.02 @ 21:07:44 Player: tartine Result: Destroyed by as-35776 with Assembled Maul Performance ------------- Evolutions (0) 0 Regions Visited (2) 400 Robots Destroyed (23) 115 Value Destroyed (399) 399 Prototype IDs (2) 40 Alien Tech Used (0) 0 Bonus (0) 0 TOTAL SCORE: 954 Bonus ------- None Cogmind --------- Core Integrity 0/250 Matter 292/300 Energy 250/250 System Corruption 1% Temperature Cool (55) Movement Rolling (90) Location -10/Mines Parts ------- > --- POWER (1) -------- Ion Engine > --- PROPULSION (2) --- Wheel Compact Wheel > --- UTILITY (2) ------ Medium Storage Unit Hacking Suite > --- WEAPON (2) ------- Beam Cannon Light Cannon > --- INVENTORY (10) --- Ion Engine Light Treads Wheel Seismic Detector Light Armor Plating Beam Cannon Grenade Launcher Grenade Launcher Peak State ------------ > --- POWER ------------ Ion Engine > --- PROPULSION ------- Wheel Wheel > --- UTILITY ---------- Medium Storage Unit Hacking Suite > --- WEAPON ----------- Beam Cannon Beam Cannon > --- INVENTORY -------- Ion Engine Wheel Seismic Detector Light Cannon Light Cannon [Rating: 9] Favorites ----------- Power Ion Engine Engine Ion Engine Propulsion Wheel Wheel Wheel Utility Medium Storage Unit Device Seismic Detector Storage Medium Storage Unit Hackware Hacking Suite Weapon Beam Cannon Energy Gun Medium Laser Energy Cannon Beam Cannon Ballistic Gun Assault Rifle Ballistic Cannon Light Cannon Build | -11 -10 -10 ------- Run | Yrd Mat Min Slots Evolved . | . . . Power . | . . . Propulsion . | . . . Utility . | . . . Weapon . | . . . Parts Attached 20 | 6 14 . Power 3 | 1 2 . Engine 3 | 1 2 . Core . | . . . Reactor . | . . . Propulsion 6 | 2 4 . Treads . | . . . Leg . | . . . Wheel 6 | 2 4 . Hover . | . . . Flight . | . . . Utility 4 | 1 3 . Device 1 | 1 . . Storage 2 | . 2 . Processor . | . . . Hackware 1 | . 1 . Protection . | . . . Artifact . | . . . Weapon 7 | 2 5 . Energy Gun 1 | . 1 . Energy Cannon 2 | . 2 . Ballistic Gun 2 | 2 . . Ballistic Cannon 2 | . 2 . Launcher . | . . . Special Weapon . | . . . Impact Weapon . | . . . Slashing Weapon . | . . . Piercing Weapon . | . . . Special Melee Weapon . | . . . Unidentified Prototypes . | . . . Parts Lost 1 | . 1 . Power . | . . . Propulsion 1 | . 1 . Utility . | . . . Weapon . | . . . Highest Loss Streak 1 | . 1 . To Critical Strikes . | . . . Average Slot Usage (%) 98 | . 98 100 Engine 13 | . 13 14 Wheel 27 | . 27 28 Device 4 | . 4 . Storage 12 | . 12 14 Hackware 9 | . 9 14 Energy Gun 1 | . 1 . Energy Cannon 14 | . 15 14 Ballistic Gun 4 | . 4 . Ballistic Cannon 7 | . 7 14 Naked Turns . | . . . Heaviest Build 50 | 7 50 21 Greatest Support 26 | 20 26 26 Greatest Overweight (x) 2 | . 2 . Average Overweight (x) . | . . . Largest Inventory Capacity 20 | 5 20 10 Average Capacity 9 | 5 10 10 Most Carried 8 | 4 8 8 Average Carried 5 | 1 5 7 Final Capacity 10 | 5 10 10 Final Carried 8 | 3 7 8 Class Distribution -------------------- 78% | Mutant 21% | Scavenger-Mutant Dominant Class ---------------- Mutant | -10/Materials Mutant | -10/Mines Resources | -11 -10 -10 ----------- Run | Yrd Mat Min Matter Collected 626 | 316 300 10 Remotely . | . . . Salvage Created 639 | 148 491 . Parts 51 | 13 38 . Haulers Intercepted 2 | . 2 . Recyclers Shooed . | . . . Parts Field Recycled . | . . . Retrieved Matter . | . . . Parts Self-Destructed . | . . . Prevented . | . . . Kills | -11 -10 -10 ------- Run | Yrd Mat Min Combat Hostiles Destroyed 12 | 1 11 . Guns 3 | 1 2 . Cannons 9 | . 9 . Classes Destroyed 9 | 3 6 . Worker 1 | 1 . . Builder 1 | . 1 . Tunneler 3 | 3 . . Hauler 2 | . 2 . Recycler 1 | . 1 . Operator 1 | . 1 . Watcher 2 | . 2 . Swarmer 6 | . 6 . Grunt 6 | 1 5 . Best Kill Streak 4 | 3 4 . Combat Bots Only 3 | 1 3 . Max Kills in Single Turn 2 | 1 2 . Gunslinging . | . . . Exploded . | . . . Melee . | . . . Uniques/NPCs Destroyed . | . . . Combat | -11 -10 -10 -------- Run | Yrd Mat Min Hostile Shots Fired 75 | 7 61 7 Missed 26 | 3 21 2 Damage Taken 767 | 44 629 94 Core 252 | 22 209 21 Absorbed by Shields . | . . . Regen/Repaired (Parts) 97 | . 97 . Core Remaining (%) 91 | 91 . . Volleys Fired 75 | 14 59 2 Largest 2 | 2 2 2 Hottest 120 | 40 120 95 Shots Fired 151 | 28 119 4 Gun 49 | 28 21 . Cannon 102 | . 98 4 Launcher . | . . . Special . | . . . Kinetic 72 | 28 42 2 Thermal 79 | . 77 2 Explosive . | . . . Electromagnetic . | . . . Robot Hit Streak 8 | 8 6 7 Robot Miss Streak 5 | 3 5 2 Penetration Max . | . . . Secondary Targets . | . . . Shots Hit Robots 70 | 15 53 2 Core Hits 28 | 8 18 2 Critical Kills 1 | 1 . . Critical Parts Destroyed . | . . . Critical Strikes 1 | 1 . . Destroy 1 | 1 . . Melee Attacks . | . . . Impact . | . . . Slashing . | . . . Piercing . | . . . Sneak Attacks . | . . . Combat Hostiles . | . . . Follow-up Attacks . | . . . Damage Inflicted 1316 | 147 1103 66 Guns 296 | 147 149 . Cannons 815 | . 749 66 Explosions 205 | . 205 . Melee . | . . . Ramming . | . . . Kinetic 471 | 147 294 30 Thermal 640 | . 604 36 Explosive 205 | . 205 . Electromagnetic . | . . . Impact . | . . . Slashing . | . . . Piercing . | . . . Highest Corruption 1 | . 1 1 Average Corruption 1 | . 1 1 Corruption Purged . | . . . Corruption Blocked . | . . . Effects 7 | . 6 1 Message Errors 2 | . 2 . Matter Fused 2 | . 2 . Heat Flow Errors 1 | . 1 . Energy Discharges 1 | . . 1 Misfires 1 | . 1 . Overload Shots . | . . . Overflow Damage 36 | . 36 . Projectiles 20 | . 20 . Explosions 16 | . 16 . Melee . | . . . Knockbacks 2 | . 2 . Impact . | . . . Kinetic 2 | . 2 . Secondary . | . . . Self-Inflicted Damage 114 | . 114 . Shots 1 | . 1 . Rammed . | . . . Targets Rammed . | . . . Kicked . | . . . Crushed . | . . . Highest Temperature 336 | 12 336 55 Average Temperature 96 | 8 99 33 Received Heat Transfer 204 | 24 180 . Effects 1 | . 1 . Energy Bleed 1 | . 1 . Siege Activations . | . . . Robots Corrupted . | . . . Combat Hostiles . | . . . Parts Fried . | . . . Impact Corruptions . | . . . Robots Melted . | . . . Combat Hostiles . | . . . Parts Melted 2 | . 2 . Heat Transferred 1369 | . 1295 74 Parts Sabotaged . | . . . Parts Stolen . | . . . Parts Stripped . | . . . Power Chain Reactions . | . . . Alert | -11 -10 -10 ------- Run | Yrd Mat Min Peak Influence 182 | 40 182 30 Initial 30 | . 26 30 Average 78 | 15 87 30 Maximum Alert Level . | . . . Low Security (%) 100 | 100 100 100 Level 1 . | . . . Level 2 . | . . . Level 3 . | . . . Level 4 . | . . . Level 5 . | . . . High Security . | . . . Max Security . | . . . Squads Dispatched 5 | . 5 . Investigation 4 | . 4 . Extermination . | . . . Reinforcement 1 | . 1 . Assault . | . . . Garrison . | . . . Intercept . | . . . Searches Triggered . | . . . Construction Impeded . | . . . Haulers Reinforced . | . . . Active Scanning Responses . | . . . Cargo Convoy Interrupts . | . . . Stealth | -11 -10 -10 --------- Run | Yrd Mat Min Distress Signals 1 | . 1 . Communications Jammed . | . . . Distress Signals . | . . . Times Spotted 32 | 1 25 6 Peak Tracking Total 10 | 1 4 10 Tactical Retreats . | . . . Traps | -11 -10 -10 ------- Run | Yrd Mat Min Traps Triggered 3 | . 3 . Indirectly . | . . . Trap Hack Attempts . | . . . Triggered . | . . . Disarmed . | . . . Reprogrammed . | . . . Reused . | . . . Traps Extracted . | . . . Installed . | . . . Triggered . | . . . Machines | -11 -10 -10 ---------- Run | Yrd Mat Min Machines Disabled 5 | . 5 . Max in Single Turn 1 | . 1 . Machines Repaired . | . . . Machines Dismantled . | . . . Machines Sabotaged . | . . . Overloaded Fab Kills . | . . . Hacking | -11 -10 -10 --------- Run | Yrd Mat Min Machines Accessed 8 | . 8 . Terminals 7 | . 7 . Fabricators . | . . . Repair Stations 1 | . 1 . Recycling Units . | . . . Scanalyzers . | . . . Garrison Access . | . . . Total Hacks 23 | . 23 . Successful 15 | . 15 . Failed 8 | . 8 . Catastrophic . | . . . Database Lockouts . | . . . Manual . | . . . Terminals 19 | . 19 . Fabricators . | . . . Repair Stations 4 | . 4 . Recycling Units . | . . . Scanalyzers . | . . . Garrison Access . | . . . Terminal Hacks 11 | . 11 . Record 3 | . 3 . Prototype ID Bank 1 | . 1 . Emergency Access Points 1 | . 1 . Alert Level 1 | . 1 . Dispatch Records 3 | . 3 . Recall Investigation 2 | . 2 . Fabricator Hacks . | . . . Repair Station Hacks 4 | . 4 . Scan Component 2 | . 2 . Repair 2 | . 2 . Recycling Unit Hacks . | . . . Scanalyzer . | . . . Garrison Access Hacks . | . . . Unauthorized Hacks . | . . . Terminals . | . . . Fabricators . | . . . Repair Stations . | . . . Recycling Units . | . . . Scanalyzers . | . . . Garrison Access . | . . . Data Cores Recovered . | . . . Used . | . . . Hacking Detections 6 | . 6 . Full Trace Events 5 | . 5 . Feedback Events . | . . . Feedback Blocked . | . . . Robot Schematics Acquired . | . . . Robots Built . | . . . Authchips . | . . . Time . | . . . Total Robot Build Rating . | . . . Part Schematics Acquired . | . . . Parts Built . | . . . Authchips . | . . . Time . | . . . Total Part Build Rating . | . . . Parts Repaired 2 | . 2 . Time 52 | . 52 . Parts Recycled . | . . . Recycled Matter . | . . . Retrieved Matter . | . . . Retrieved Components . | . . . Parts Scanalyzed . | . . . Part Schematics Acquired . | . . . Parts Damaged . | . . . Bothacking | -11 -10 -10 ------------ Run | Yrd Mat Min Used RIF Installer . | . . . Robots Hacked . | . . . Non-combat . | . . . Combat . | . . . Robot Hacks Applied . | . . . Relay Couplers Released . | . . . Fabnet Peak Effective % . | . . . Robots Rewired . | . . . Allies Hacked . | . . . Hacks Repelled . | . . . Allies | -11 -10 -10 -------- Run | Yrd Mat Min Total Allies . | . . . Largest Group . | . . . Highest-Rated Group . | . . . Highest-Rated Ally . | . . . Total Orders . | . . . Ally Attacks . | . . . Total Damage . | . . . Kills . | . . . Allies Corrupted . | . . . Allies Melted . | . . . Intel | -11 -10 -10 ------- Run | Yrd Mat Min Robot Analysis Total . | . . . Derelict Logs Recovered . | . . . Drone Launches . | . . . Drone Recoveries . | . . . Exploration | -11 -10 -10 ------------- Run | Yrd Mat Min Turns Passed 1904 | 132 1652 120 Spaces Moved 1424 | 102 1196 126 Core 17 | 17 . . Treads . | . . . Legs . | . . . Wheels 1407 | 85 1196 126 Hover . | . . . Flight . | . . . Fastest Speed 50 | 50 80 90 Average Speed 91 | 75 92 90 Slowest Speed 115 | 80 115 90 Overloaded Moves . | . . . Propulsion Burnouts . | . . . Robots Hopped . | . . . Cave-ins Triggered . | . . . Exploration Rate (%) 48 | 6 99 41 Regions Visited 2 Branch Regions 1 Pre-discovered Areas . | . . . Known Exits Taken . | . . . Unknown Exits Taken 2 | 1 1 . Scrap Searched 1 | . . 1 Spaces Dug . | . . . Terrain Destroyed 27 | . 27 . Melee . | . . . Projectile . | . . . AOE 27 | . 27 . Terrain Rammed . | . . . Walls Destroyed . | . . . Machines Disabled . | . . . Actions | -11 -10 -10 --------- Run | Yrd Mat Min Total 1885 | 132 1624 129 Wait 328 | 2 326 . Move 1422 | 101 1195 126 Hop . | . . . Pick Up 29 | 9 19 1 Fast Attach . | . . . Attach 18 | 6 12 . Detach . | . . . Swap 2 | . 2 . Drop 11 | . 11 . Fire 75 | 14 59 2 Melee . | . . . Ram . | . . . Kick . | . . . Crush . | . . . Escape Stasis . | . . . Rewire . | . . . Trap . | . . . Miscellaneous . | . . . Route ------- -11/Scrapyard -10/Materials (discovered 4 exits: [*Mat x3] / [*Min]) -10/Mines History --------- Turn | Location | Event 2 | -11/Scrapyard | Met Revision 17 58 | -11/Scrapyard | Discovered new exit (range 8) 133 | -11/Scrapyard | Entered Materials 287 | -10/Materials | Discovered new exit (range 3) 301 | -10/Materials | Build established: Mutant 302 | -10/Materials | Discovered new exit (range 16) 406 | -10/Materials | Discovered new exit (range 14) 755 | -10/Materials | Discovered new exit (range 8) 932 | -10/Materials | Core integrity fell below 50% 1115 | -10/Materials | Repaired Grenade Launcher 1142 | -10/Materials | Repaired Lgt. Armor Plating 1598 | -10/Materials | Core integrity fell below 20% 1620 | -10/Materials | Build established: Scavenger-Mutant 1785 | -10/Materials | Entered Mines 1877 | -10/Mines | Assembled infested the area 1905 | -10/Mines | Destroyed by as-35776 with Assembled Maul Last Messages --------------- >>Enumerate(Squads) Retrieving dispatch records... No active records found. 01761_ ALERT: Suspicious activity at Terminal M003. Dispatching Investigation squad. 01779_ U-05 Engineer lays Concrete. 01780_ U-05 Engineer builds a Wall. LOCATION=UNKNOWN GOAL=ESCAPE 01786_ T-07 Excavator is excavating. 01825_ System corrupted: Energy discharge (-62). 01869_ T-07 Excavator is excavating. 01877_ ALERT: Infestation in the mines, dispatching Demolisher response squad. 01887_ Searching scrap... 01887_ Found Grenade Launcher. 01887_ Found Welding Torch. 01887_ Found 22 Matter. 01888_ Acquired 10 matter. 01889_ Acquired Grenade Launcher. Map ----- +----------------------------------------------------+ | ???????????????????????????????????????? | | ???????????????????????????????????????? | | ???????????????????????????????????????? | | ???????????????????????????????????????? | | ???????????????????????????????????????? | | ???????????????????????????????????????? | | ???????????????????????????????????????? | | ??????????????????#????????????????????? | | ?????????????????? ????????????????????? | | ?????????????????? ????????????????????? | | ?????????????????? ????????????????????? | | ?????????????????? ????????????????????? | | ?????????????????? ????????????????????? | | ?????????????????# #???????????????????? | | ?????????????????# #???????????????????? | | ?????????????????# #???????????????????? | | ?????????????????# #???????????????????? | | ?????????????????# #???????????????????? | | ?????????????????# #???????????????????? | | ?????????????????# #???????????????????? | | ?????????????????#|########????????????? | | ?????????????????# % a #????????????? | | ?????????????????########a#????????????? | | ???????????????????????##a##???????????? | | ??????????????????????##aaa##??????????? | | ??????????#??????????## @ ##?????????? | | ?????????? ?????????## % ##????????? | | ###?????? #?????????# #????????? | | ##????? #????#????# #????????? | | ###### #??? ##???# ##???????? | | ## #?? ##??###### ####????? | | #? ###???##### ##???? | | #?? ??? #?## #???? | | ### #?????# #??# #???? | | #### #??????# #??# #???? | | ???## ##??????# #??# ##???? | | ????## #######???????# #### #####????? | | ?????# ##?????????????# #????????? | | ????## ##?????????????### ## #????????? | | ???## ###?????###?????# ## #????????? | | ??## ##???## ####### ## #????????? | | ??# ##?## ## #????????? | | ??# """ ### ######### ????????? | | ??# """ #???????? ##????????? | | ??# """ #????????#??????????? | | ?# ##???????????????????? | | ?# ##????????????????????? | | ?## ## ### ##?????????????????????? | | ??###?#####?#####??????????????????????? | | ???????????????????????????????????????? | +----------------------------------------------------+ Best States ------------- Heat Dissipation 25 Energy Generation 10 Energy Capacity 250 Matter Stores 300 Matter Capacity 300 Sight Range 16 Terrain Scan Density 10 Evasion (%) 50 Offensive Hacking 10 Item Schematics ----------------- None Robot Schematics ------------------ None Fabricated ------------ Nothing Alien Tech Used ----------------- None Achievements -------------- None Challenges ------------ None Game ------ Seed ZioniteDisruptorVibroblade Manual? 0 Play Time 00:33:30 Cumulative 3.3 hours Start 2024.04.02 @ 20:33:47 End 2024.04.02 @ 21:07:44 Sessions 1 Manual Loads 0 Difficulty Rogue Special Mode None Game No. 3 Rogue 3 Adventurer 0 Explorer 0 Win Type - Total 0 Types 0/0/0/0/0/0/0/0/0 Lore% 3 Gallery% 6 Achievement% 7 Wizard Run 0 Options --------- Layout 1 ASCII 0 Keyboard 0 Movement Mouse Keybinds 0 Fullscreen 1 Font 24/Smallcaps Map View 50x35 Zoom Use 0% Tactical HUD 1 Map Filters NONE Filters NONE Steam 1 RUN: 3e2a517e-baed-460d-a9af-ea649a9836fc